 Dungeon Crawl Stone Soup version 0.21.1-1-g345015f (webtiles) character file.

2181 Fang the Cleaver (level 9, -9/56 HPs)
             Began as a Gargoyle Berserker on May 25, 2018.
             Was an Elder of Trog.
             Splashed by a gnoll's acid (14 damage)
             ... on level 7 of the Dungeon.
             The game lasted 00:08:37 (7385 turns).

Fang the Cleaver (Gargoyle Berserker)               Turns: 7385, Time: 00:08:37

Health: -9/56      AC:  5    Str: 25 (27) XL:     9   Next: 33%
Magic:  9/9        EV: 12    Int:  9 (11) God:    Trog [****..]
Gold:   267        SH:  0    Dex:  6 (9)  Spells: 8/8 levels left

rFire    . . .     SeeInvis .   a - +0 hand axe
rCold    . . .     Gourm    .   (no shield)
rNeg     + . .     Faith    .   b - +1 animal skin
rPois    ∞         Spirit   .   (no helmet)
rElec    +         Reflect  .   (no cloak)
rCorr    .         Harm     +   (no gloves)
MR       .....                  (no boots)
Stlth    ++........             y - amulet of harm
HPRegen  0.18/turn              t - +3 ring of strength
MPRegen  0.11/turn              w - +3 ring of intelligence

@: corroded
A: negative energy resistance 1, electricity resistance, unbreathing,
petrification resistance, rot immunity, AC +6
a: Berserk, Trog's Hand, Brothers in Arms, Burn Spellbooks, Renounce Religion


You were on level 7 of the Dungeon.
You worshipped Trog.
Trog was greatly pleased with you.
You were hungry.

You visited 2 branches of the dungeon, and saw 8 of its levels.

You collected 267 gold pieces.

Inventory:

Hand Weapons
 a - a +0 hand axe (weapon)
Armour
 b - a +1 animal skin (worn)
Jewellery
 g - an uncursed amulet of magic regeneration
 t - a +3 ring of strength (left hand)
 w - a +3 ring of intelligence (right hand)
 x - an uncursed ring of magical power
 y - an amulet of harm (around neck)
Wands
 j - a wand of flame (38)
 p - a wand of polymorph (20)
 v - a wand of clouds (8)
Scrolls
 h - 2 scrolls of remove curse
 i - a scroll of magic mapping
 k - 5 scrolls of teleportation
 r - a scroll of fog
Potions
 e - 2 potions of curing
 l - 2 potions of resistance
 m - 2 potions of brilliance
 o - a potion of agility
 q - a potion of cancellation
 s - 3 potions of might
Comestibles
 c - 13 rations


   Skills:
 + Level 6.6 Fighting
 + Level 8.3 Axes
 + Level 3.9 Armour
 + Level 4.7 Dodging
 + Level 2.6 Stealth


You had 8 spell levels left.
You didn't know any spells.

Dungeon Overview and Level Annotations

Branches:
Dungeon (7/15)             Temple (1/1) D:6

Altars:
Ashenzari
Cheibriados
Dithmenos
Elyvilon
Fedhas
Gozag
Hepliaklqana
Kikubaaqudgha
Makhleb
Okawaru
Qazlal
Ru
Sif Muna
Trog
Uskayaw
Vehumet
Wu Jian
Xom
Yredelemnul
Zin
The Shining One


Innate Abilities, Weirdness & Mutations

You are resistant to torment.
Your stone body is resilient. (AC +6)
You are immune to poison.
You resist negative energy. (rN+)
You are resistant to electric shocks. (rElec)
You can survive without breathing.
You are immune to petrification.
You are immune to rotting.


Message History

The iguana bites you but does no damage.
You closely miss the iguana.
The iguana is moderately wounded.
The iguana bites you!
* * * LOW HITPOINT WARNING * * *
You hit the iguana.
The iguana is heavily wounded.
You hit the iguana but do no damage.
The iguana is heavily wounded.
The iguana barely misses you.
You slash the iguana!
You kill the iguana!
Trog accepts your kill.
You see here an iguana corpse.
A gnoll comes into view. It is wielding a halberd of venom.
The gnoll shouts!
The gnoll zaps a wand.
The bolt of acid hits you!
* * * LOW HITPOINT WARNING * * *
The acid corrodes you!
You are splashed with acid!
The acid burns!
You die...

#....)..# #.# #...
#######.########.#
... #.#...<....#
###.#.#####..# .
#.....#####..# #.
#.#.#†##.....# =.
#.#......##.## .#
#.###.#####.######.#
#.........@...†g...#
############.#####.#
#.# # #.# #.. #..
#.## #.#


You could see a gnoll.

Vanquished Creatures
  Grinder (D:3)
  A steam dragon (D:7)
  An orc warrior (D:6)
  A sky beast (D:3)
  2 ogres
  A black bear (D:6)
  2 centaurs (D:6)
  4 bullfrogs
  2 scorpions (D:5)
  A centaur zombie (D:6)
  A bullfrog zombie (D:7)
  5 hounds
  5 orc priests
  4 orc wizards
  Jessica (D:2)
  2 iguanas
  4 worker ants
  A killer bee zombie (D:7)
  3 gnolls (D:5)
  8 adders
  A shadow imp (D:7)
  4 oozes
  An adder skeleton (D:6)
  A worm (D:2)
  2 dart slugs
  5 leopard geckos
  20 orcs
  2 ball pythons
  6 giant cockroaches
  5 goblins
  10 hobgoblins
  8 jackals
  7 kobolds
  A quokka (D:2)
  3 bats (D:2)
  7 frilled lizards
  2 quokka skeletons (D:7)
  9 rats
144 creatures vanquished.

Notes
Turn   | Place    | Note
-------+----------+-------------------------------------------
     0 | D:1      | Fang the Gargoyle Berserker began the quest for the Orb.
     0 | D:1      | Reached XP level 1. HP: 14/14 MP: 1/1
    98 | D:1      | Reached XP level 2. HP: 18/19 MP: 2/2
   143 | D:1      | Reached skill level 3 in Axes
   445 | D:2      | Reached XP level 3. HP: 19/24 MP: 3/3
   739 | D:2      | Reached XP level 4. HP: 29/29 MP: 4/4
   795 | D:2      | Reached ** piety under Trog
  1148 | D:2      | Noticed Jessica
  1156 | D:2      | Killed Jessica
  1156 | D:2      | Reached skill level 4 in Axes
  1486 | D:2      | Reached XP level 5. HP: 33/33 MP: 5/5
  1970 | D:3      | Noticed a sky beast
  1988 | D:3      | Killed a sky beast
  1988 | D:3      | Reached XP level 6. HP: 39/39 MP: 6/6
  2067 | D:3      | Reached skill level 5 in Axes
  2392 | D:3      | Noticed Grinder
  2413 | D:3      | Killed Grinder
  2413 | D:3      | Reached skill level 1 in Stealth
  2413 | D:3      | Reached XP level 7. HP: 37/44 MP: 7/7
  2484 | D:3      | Reached *** piety under Trog
  2907 | D:4      | Reached skill level 5 in Fighting
  3952 | D:4      | Reached skill level 6 in Axes
  4247 | D:5      | Entered Level 5 of the Dungeon
  4776 | D:5      | Reached XP level 8. HP: 49/49 MP: 8/8
  5203 | D:6      | Reached **** piety under Trog
  5384 | D:6      | Reached skill level 7 in Axes
  6053 | D:6      | Found a staircase to the Ecumenical Temple.
  6258 | Temple   | Entered the Ecumenical Temple
  6575 | D:7      | Reached XP level 9. HP: 41/55 MP: 9/9
  6736 | D:7      | Reached skill level 8 in Axes
  7385 | D:7      | Splashed by a gnoll's acid

Skill      XL: |  1  2  3  4  5  6  7  8  9 |
---------------+----------------------------+-----
Axes           | 3 4 5 6 7 8 |  8.3
Dodging        | 2 3 4 |  4.7
Fighting       | 4 5 6 |  6.6
Armour         | 3 |  3.9
Stealth        | 1 2 |  2.6

Action                   |  1- 3 |  4- 6 |  7- 9 || total
-------------------------+-------+-------+-------++-------
Melee: Hand axe          |    75 |   195 |   392 ||   662
Invok: Berserk           |       |     3 |     5 ||     8
  Use: Scroll            |       |       |    12 ||    12
       Potion            |       |       |     7 ||     7
 Stab: Sleeping          |       |       |     3 ||     3
  Eat: Chunk             |       |     6 |    22 ||    28
Armor: Animal skin       |    31 |    31 |   119 ||   181
       Ring mail         |       |    36 |    21 ||    57
Dodge: Dodged            |    50 |   108 |   229 ||   387
